 Dungeon Crawl Stone Soup version 0.31-b1-22-gc680215f68 (webtiles) character file.

Game seed: 14221909992664102853

52 Buffagor the Slasher (level 3, 0/33 (34) HPs)
             Began as a Naga Fighter on Jan 19, 2024.
             Slain by an orc priest
             ... wielding a +0 club
              (4 damage)
             ... on level 3 of the Dungeon.
             The game lasted 00:04:40 (1684 turns).

Buffagor the Slasher (Naga Fighter)                 Turns: 1684, Time: 00:04:41

HP:   0/33 (34)     AC:  4    Str: 18    XL:     3   Next: 85%
MP:   3/3           EV:  7    Int:  8    God:
Gold: 45            SH:  4    Dex: 12    Spells: 2/2 levels left

rFire   . . .        a - +0 scimitar
rCold   . . .        c - +0 buckler
rNeg    . . .        b - +0 scale mail
rPois   +            (no helmet)
rElec   .            (no cloak)
rCorr   .            (no gloves)
SInv    +            (no barding)
Will    .....        (no amulet) Stlth
                     (no ring)
HPRegen 0.25/turn    (no ring)
MPRegen 0.08/turn

%: no passive effects
@: mighty, lightly drained, very slow
A: AC +1, large, see invisible, deformed body, poison resistance, slowness 2,
spit poison 1, naga tail 1
a: Spit Poison


You were on level 3 of the Dungeon.
You visited 1 branch of the dungeon, and saw 3 of its levels.

You collected 45 gold pieces.

Inventory:

Hand Weapons
 a - a +0 scimitar (weapon)
Armour
 b - a +0 scale mail (worn)
 c - a +0 buckler (worn)
 l - a +0 pair of gloves
Jewellery
 g - a ring of wizardry
Talismans
 h - a flux talisman
Scrolls
 e - 2 scrolls of vulnerability {unknown}
 f - a scroll of torment {unknown}
 i - a scroll of enchant armour {unknown}
 j - a scroll of fog {unknown}
Potions
 d - a potion of might
 k - a potion of curing {unknown}


   Skills:
 - Level 3.0 Fighting
 + Level 4.0 Long Blades
 - Level 2.4 Armour
 - Level 2.6 Shields


You had 2 spell levels left.
You didn't know any spells.
Your spell library was empty.

Dungeon Overview and Level Annotations

Branches:
Dungeon (3/15)

Altars:
Trog

Shops:
D:1 :


Innate Abilities, Weirdness & Mutations

Your serpentine skin is tough. (AC +1)
You have supernaturally acute eyesight. (SInv)
Armour fits poorly on your strangely shaped body.
Your system is resistant to poisons. (rPois)
You cover ground very slowly.
You can spit poison.
You have a snake-like lower body.


Message History

You hit the hobgoblin.
You kill the hobgoblin!
The kobold throws a poisoned dart.
The poisoned dart hits you!
An orc comes into view. It is wielding a +0 flail.
An orc comes into view. It is wielding a +0 morningstar.
The orc shouts!
You hear a shout!
You block the kobold's attack.
Aiming: Spit Poison (2% risk of failure)
Press: ? - help, Shift-Dir - straight line, f - kobold
Aim: a kobold, wielding a +0 whip and quivering poisoned darts (50% to hit)
You fail to use your ability.
You block the kobold's attack.
You hit the kobold.
The kobold is moderately wounded.
The kobold hits you but does no damage. The orc hits you with a +0 flail.
You slash the kobold!
You kill the kobold!
You block the orc's attack. x2
You closely miss the orc. The orc hits you but does no damage.
You block the orc's attack.
You slash the orc!
You kill the orc!
The orc barely misses you.
You closely miss the orc. The orc hits you with a +0 flail.
You barely miss the orc. The orc hits you with a +0 flail.
An orc priest comes into view. It is wielding a +0 club.
The orc hits you with a +0 flail.
You barely miss the orc.
An orc comes into view. It is wielding a +0 dagger.
The orc hits you with a +0 flail.
You hit the orc but do no damage.
The orc priest invokes the aid of Beogh against you.
Beogh smites you!
* * * LOW HITPOINT WARNING * * *
The orc hits you but does no damage.
You barely miss the orc. The orc barely misses you.
Unknown command.
Unknown command.
You feel very mighty all of a sudden. The orc priest hits you with a +0 club.
You die...

#################
..........).....#
#.....####.......
#†..<.'.##.###.?###
#.....#..#...#..#.# #
#######....###..#o#..#.#
#.##.....†@oo.....
#.##.###..###..#.#
#......#..# #
#..+.###..###..##
####.............
#.###..###..#. #.# #..#
# #.#.#..###..#
#.............


You could see an orc priest and 2 orcs.

Vanquished Creatures
  A ribbon worm (D:2)
  A dart slug (D:2)
  2 orcs
  4 endoplasms (D:1)
  3 giant cockroaches
  4 goblins
  6 hobgoblins
  3 quokkas
  5 ball pythons
  5 bats
  A frilled lizard (D:1)
  4 kobolds
  2 rats
41 creatures vanquished.

Notes
Turn   | Place    | Note
-------+----------+-------------------------------------------
     0 | D:1      | Buffagor the Naga Fighter began the quest for the Orb.
     0 | D:1      | Reached XP level 1. HP: 21/21 MP: 1/1
   156 | D:1      | Reached XP level 2. HP: 23/28 MP: 2/2
   229 | D:1      | Reached skill level 3 in Long Blades
   523 | D:1      | Reached XP level 3. HP: 27/31 MP: 3/3
   930 | D:1      | Found Enio's Book Emporium.
  1042 | D:2      | Found a bloodstained altar of Trog.
  1640 | D:3      | Reached skill level 4 in Long Blades
  1684 | D:3      | Slain by an orc priest

Illustrated notes

Levels and vault maps discovered:
D:1:      lightli_arrival_flooded_house, layout_basic, serial_shops,
          nicolae_shop_peninsula, minmay_hexomino_f4
D:2:      layout_loops_ring, basic_altar
D:3:      layout_basic, mainiacjoe_overflow_small_starburst,
          nicolae_overflow_two_pavilions, corner_web_ring,
          minmay_misc_feat_nine_boxes, minmay_strange_pillars,
          kennysheep_pointless_box, uniq_jessica, uniq_natasha

Skill      XL: |  1  2  3 |
---------------+----------+-----
Long Blades    | 3 4 |  4.0
Fighting       | |  3.0
Armour         | |  2.4
Shields        | |  2.6

Action                     || total
---------------------------++-------
  Melee: Long sword        ||    79
         Scimitar          ||    20
Ability: Spit Poison       ||    27
    Use: Potion            ||     1
 Armour: Scale mail        ||    87
  Dodge: Dodged            ||    32
  Block: Buckler           ||    29
